 Dungeon Crawl Stone Soup version 0.30.1-3-gfc49f6343a (webtiles) character file.

Game seed: 11894992312465212129

2298 spardeous the Destroyer (level 8, -1/48 (57) HPs)
             Began as a Demigod Conjurer on Aug 5, 2023.
             Slain by a wight
             ... wielding a +4 dire flail
              (3 damage)
             ... on level 6 of the Dungeon.
             The game lasted 00:10:43 (7622 turns).

spardeous the Destroyer (Demigod Conjurer)          Turns: 7622, Time: 00:10:44

HP:   -1/48 (57)    AC:  8    Str:  8    XL:     8   Next: 97%
MP:   21/23         EV: 11    Int: 28    God:
Gold: 219           SH:  0    Dex: 18    Spells: 15/22 levels left

rFire   + . .        j - +10 trident "Letuguh" {holy, rC- Will++}
rCold   . . .        (no shield)
rNeg    . . .        B - +3 leather armour {rC+}
rPois   .            D - +0 helmet
rElec   .            p - +0 cloak
rCorr   .            (no gloves)
SInv    .            (no boots)
Will    ++...        (no amulet)
Stlth   ++           u - +6 ring of dexterity
HPRegen 0.28/turn    w - ring of protection from fire
MPRegen 0.18/turn

%: no passive effects
@: about to teleport, heavily drained
A: high MP 1, forlorn, divine attributes
a: no special abilities


You were on level 6 of the Dungeon.
You visited 1 branch of the dungeon, and saw 7 of its levels.
You also visited: Sewer.

You collected 219 gold pieces.

Inventory:

Hand Weapons
 j - the +10 trident "Letuguh" (weapon) {holy, rC- Will++}
   (You found it on level 2 of the Dungeon)

   rC:        It makes you vulnerable to cold.
   Will:      It greatly increases your willpower.
Missiles
 s - a throwing net
Armour
 a - a +0 robe
 o - a +0 troll leather armour
 p - a +0 cloak (worn)
 B - a +3 leather armour of cold resistance (worn)
 D - a +0 helmet (worn)
Jewellery
 u - a +6 ring of dexterity (left hand)
 w - a ring of protection from fire (right hand)
 F - a ring of flight
Wands
 v - a wand of flame (41)
 y - a wand of polymorph (11)
Scrolls
 e - 3 scrolls of teleportation
 f - 2 scrolls of poison {unknown}
 g - a scroll of enchant weapon {unknown}
 h - 8 scrolls of identify
 l - a scroll of noise {unknown}
 m - 2 scrolls of magic mapping {unknown}
 q - a scroll of amnesia {unknown}
 t - a scroll of fear {unknown}
 z - a scroll of fog {unknown}
 A - a scroll of vulnerability {unknown}
 C - a scroll of torment {unknown}
 E - a scroll of blinking {unknown}
Potions
 b - 3 potions of magic
 c - 6 potions of curing
 d - 2 potions of mutation {unknown}
 i - 2 potions of attraction {unknown}
 k - 2 potions of might {unknown}
 n - 3 potions of haste {unknown}
 r - 2 potions of lignification {unknown}
 x - a potion of resistance {unknown}


   Skills:
 - Level 1.7 Dodging
 - Level 1.7 Stealth
 + Level 7.5 Spellcasting
 + Level 8.8 Conjurations


You had 15 spell levels left.
You knew the following spells:

 Your Spells              Type           Power      Damage    Failure   Level
a - Magic Dart            Conj           100%       1d8       1%          1
b - Searing Ray           Conj           100%       2d8       1%          2
c - Iskenderun's Mystic   Conj/Tloc      35%        2d8       12%         4

Your spell library contained the following spells:

 Spells                   Type           Power      Damage    Failure   Level
 Dazzling Flash           Conj/Hex       70%        N/A       3%          3
 Fulminant Prism          Conj/Hex       17%        3d10      12%         4


Dungeon Overview and Level Annotations

Branches:
Dungeon (7/15)             Temple (0/1) D:6           Sewer (visited)

Shops:
D:7 (*[

Annotations:
D:6 3 runed translucent doors, jujuben's ghost, novice KoEn


Innate Abilities, Weirdness & Mutations

You have an increased reservoir of magic. (+10% MP)
You shall have no god before yourself.
Your divine heritage dramatically boosts your attributes as you level up.


Message History

* * * LOW HITPOINT WARNING * * *
You feel drained.
* * * LOW HITPOINT WARNING * * *
You take 15 damage, and have 14/52 hp.
MASSIVE DAMAGE!!
Casting: Magic Dart (safe; 1% risk of failure)
Confirm with . or Enter, or press ? or * to list all spells.
Aiming: Searing Ray (safe; 1% risk of failure)
Press: ? - help, Shift-Dir - straight line, f - wight
Aim: a wight, wielding a +4 dire flail and wearing a +0 robe (83% to hit)
Okay, then.
As you read the scroll labelled YVAEXE DOSU, it crumbles to dust.
It is a scroll of identify.
e - 4 scrolls of teleportation The wight closely misses you. x2
As you read the scroll of teleportation, it crumbles to dust.
You feel strangely unstable. The wight closely misses you. x2
Casting: Searing Ray (safe; 1% risk of failure)
Confirm with . or Enter, or press ? or * to list all spells.
Aiming: Searing Ray (safe; 1% risk of failure)
Press: ? - help, Shift-Dir - straight line, f - wight
Aim: a wight, wielding a +4 dire flail and wearing a +0 robe (83% to hit)
The searing ray hits the wight!
The wight is heavily damaged. (Press . to maintain the ray.)
The wight hits you with a +4 dire flail!
* * * LOW HITPOINT WARNING * * *
You feel drained. The wight barely misses you.
You take 10 damage, and have 5/50 hp.
You now have 21/23 mp.
Unknown command.
It was a potion of curing.
You feel better.
The wight hits you with a +4 dire flail!
* * * LOW HITPOINT WARNING * * *
The wight hits you with a +0 mace.
* * * LOW HITPOINT WARNING * * *
You take 3 damage, and have 2/50 hp.
You feel better.
The wight hits you with a +4 dire flail.
* * * LOW HITPOINT WARNING * * *
You feel drained.
You die...

######.......).)####.##.
##......).....#.##.
###.......)...)### ###
##.......)....#. ###.##
##.....#....... ##....##
##......#.....
##......###..#...###)...
#.....z..#..####..###...
##...>.z@<...# ##..###..
#...........## ##......
##.........)## #.......
#..........## ##.......
#.........## ##........
#.........# #.........
#........## ##..#......
##.......## ##..##......
#.....#.(## #...##......


You could see 2 wights.

Vanquished Creatures
  Eustachio (D:6)
  Edmund (D:6)
  A water moccasin (D:6)
  An ice beast (D:6)
  An ogre (D:5)
  10 kobold brigands
  Blork the orc (D:6)
  A gnoll sergeant (D:6)
  A bullfrog (D:6)
  4 scorpions
  A jelly (D:4)
  2 hounds
  An orc priest (D:6)
  Terence (D:2)
  Jessica (D:2)
  5 iguanas
  An orc wizard (D:6)
  11 gnolls
  2 river rats (Sewer)
  9 adders
  2 white imps (D:6)
  3 ufetubi
  3 worms
  3 dart slugs
  8 orcs
  8 endoplasms
  8 giant cockroaches
  2 goblins
  5 hobgoblins
  22 kobolds
  6 quokkas
  5 ball pythons
  4 bats
  4 frilled lizards
  8 rats
147 creatures vanquished.

Notes
Turn   | Place    | Note
-------+----------+-------------------------------------------
     0 | D:1      | spardeous the Demigod Conjurer began the quest for the Orb.
     0 | D:1      | Reached XP level 1. HP: 14/14 MP: 5/5
   851 | D:2      | Noticed Terence
   884 | D:2      | Noticed Jessica
   893 | D:1      | Reached XP level 2. HP: 12/20 MP: 3/7
   949 | D:1      | Reached skill level 4 in Conjurations
   988 | D:1      | Learned a level 2 spell: Searing Ray
   992 | D:2      | Killed Jessica
   993 | D:2      | Reached XP level 3. HP: 23/26 MP: 3/9
  1140 | D:2      | Identified the +10 trident "Letuguh" {holy, rC- Will++}
  1328 | D:2      | Killed Terence
  1474 | D:2      | Reached XP level 4. HP: 33/33 MP: 9/11
  3142 | D:4      | Reached XP level 5. HP: 38/38 MP: 2/13
  3145 | D:4      | Reached skill level 5 in Conjurations
  3362 | D:4      | Reached XP level 6. HP: 8/45 MP: 15/15
  3419 | D:4      | Found a glowing drain.
  3462 | Sewer    | Entered a sewer
  3468 | Sewer    | Learned a level 4 spell: Iskenderun's Mystic Blast
  3562 | Sewer    | Reached skill level 6 in Conjurations
  3877 | Sewer    | Reached skill level 5 in Spellcasting
  3877 | Sewer    | Reached XP level 7. HP: 50/50 MP: 9/17
  4751 | D:4      | Reached skill level 7 in Conjurations
  4993 | D:5      | Entered Level 5 of the Dungeon
  5388 | D:5      | Reached XP level 8. HP: 57/57 MP: 12/20
  5989 | D:6      | Noticed Eustachio
  5997 | D:6      | Killed Eustachio
  5998 | D:6      | Reached skill level 8 in Conjurations
  6097 | D:6      | Found a runed translucent gate.
  6098 | D:6      | Found a runed translucent gate.
  6098 | D:6      | Noticed jujuben's ghost (novice KoEn)
  6099 | D:6      | Found a runed translucent gate.
  6177 | D:6      | Noticed Edmund
  6188 | D:6      | Killed Edmund
  6981 | D:6      | Noticed Blork the orc
  6995 | D:6      | Killed Blork the orc
  7254 | D:6      | Found a staircase to the Ecumenical Temple.
  7581 | D:7      | Found Tyhidi's Antique Weapon Shoppe.
  7581 | D:7      | Found Jimmoero's Assorted Antiques.
  7581 | D:7      | Found Fuykhy's Armour Shoppe.
  7621 | D:6      | HP: 2/50 [wight/+0 mace (3)]
  7622 | D:6      | Slain by a wight

Illustrated notes

Levels and vault maps discovered:
D:1:      psy_arrival_statuary, layout_basic, shapermc_ecumenical_altar_petra
D:2:      layout_loops_ring, corexii_leaking_fountain, minmay_misc_feat_hallway,
          uniq_jessica, uniq_terence
D:3:      layout_basic
D:4:      layout_loops_ring, gup_sewer_entry_pipe
D:5:      layout_cave_pools, lemuel_crystal_altar, kiku_gazebo_pond_becter,
          chequers_serial_rivers_small_a
D:6:      layout_cave_pods, minmay_temple_entry_stoned_glass,
          biasface_ghost_orc_armoury, hangedman_decor_growths,
          grunt_decor_mini_mirrors, uniq_eustachio, uniq_edmund,
          uniq_blork_the_orc
D:7:      layout_rooms, lemuel_coloured_pillars_altar,
          nicolae_shop_distant_corner_stores, uniq_prince_ribbit1

Skill      XL: |  1  2  3  4  5  6  7  8 |
---------------+-------------------------+-----
Spellcasting   | 2 3 4 5 6 7 |  7.5
Conjurations   | 4 5 6 7 8 |  8.8
Dodging        | |  1.7
Stealth        | |  1.7

Action                     |  1- 3 |  4- 6 |  7- 9 || total
---------------------------+-------+-------+-------++-------
  Melee: Trident           |       |    37 |     3 ||    40
   Cast: Magic Dart        |    37 |    75 |   138 ||   250
         Searing Ray       |     6 |    12 |    35 ||    53
    Use: Scroll            |       |       |     2 ||     2
         Potion            |       |       |     2 ||     2
   Stab: Sleeping          |       |     1 |       ||     1
 Armour: Robe              |     4 |       |       ||     4
         Troll leather arm |       |    10 |     6 ||    16
         Leather armour    |       |       |     4 ||     4
         Skin              |       |       |     1 ||     1
  Dodge: Dodged            |    20 |    33 |    30 ||    83
